 Dungeon Crawl Stone Soup version 0.28.0-53-g5a82cb258f (webtiles) character file.

Game seed: 18136173296212573865

232 MiltankisOP the Skirmisher (level 6, 0/52 HPs)
             Began as a Barachi Fighter on June 15, 2022.
             Succumbed to a scorpion's poison
             ... on level 4 of the Dungeon.
             The game lasted 00:04:57 (2869 turns).

MiltankisOP the Skirmisher (Barachi Fighter)        Turns: 2869, Time: 00:04:58

Health: 0/52       AC: 14    Str: 20    XL:     6   Next: 4%
Magic:  6/6        EV:  5    Int:  8    God:
Gold:   110        SH:  4    Dex: 11    Spells: 5/5 levels left

rFire   . . .      SeeInvis .   a - +0 long sword
rCold   . . .      Faith    .   c - +0 buckler
rNeg    . . .      Spirit   .   i - +0 plate armour
rPois   .          Reflect  .   m - +0 helmet
rElec   .          Harm     .   (no cloak)
rCorr   .          Rampage  .   k - +0 pair of gloves
Will    +....                   (no boots)
Stlth   ..........              (no amulet)
HPRegen 0.17/turn               (no ring)
MPRegen 0.10/turn               (no ring)

@: lethally poisoned (0 -> -6), attractive, unable to read, slow
A: amphibious, slowness 1, strong legs 1, +LOS, strong-willed 1, inability to
read while threatened, MP-powered wands
a: Hop


You were on level 4 of the Dungeon.
You visited 1 branch of the dungeon, and saw 4 of its levels.

You collected 110 gold pieces.

Inventory:

Hand Weapons
 a - a +0 long sword (weapon)
Armour
 b - a +0 scale mail
 c - a +0 buckler (worn)
 i - a +0 plate armour (worn)
 k - a +0 pair of gloves (worn)
 m - a +0 helmet (worn)
Wands
 o - a wand of mindburst (7)
Scrolls
 g - a scroll of vulnerability {unknown}
 h - a scroll of blinking {unknown}
 j - a scroll of identify {unknown}
 l - a scroll of magic mapping {unknown}
 n - a scroll of enchant weapon {unknown}
Potions
 d - a potion of might
 e - a potion of brilliance {unknown}


   Skills:
 + Level 5.8 Fighting
 + Level 5.1 Long Blades
 - Level 4.0 Armour
 - Level 3.6 Shields


You had 5 spell levels left.
You didn't know any spells.
Your spell library contained the following spells:

 Spells                   Type           Power      Damage    Failure   Level
 Freeze                   Ice            0%         1d3       100%        1
 Sublimation of Blood     Necr           0%         N/A       100%        2
 Wereblood                Tmut           0%         N/A       100%        2
 Frozen Ramparts          Ice            0%         1d2       100%        3
 Hailstorm                Conj/Ice       0%         3d3       100%        4
 Summon Hydra             Summ           0%         N/A       100%        7


Dungeon Overview and Level Annotations

Branches:
Dungeon (4/15)
 Temple: D:4-7

Altars:


Innate Abilities, Weirdness & Mutations

You are amphibious.
You cover ground slowly.
You can hop short distances.
You have an extended range of vision and can be seen from far away.
You are strong-willed. (Will+)
You sometimes lose the ability to read scrolls when taking damage.
You expend magic power (3 MP) to strengthen your wands.


Message History

You feel sick. The scorpion barely misses you. The scorpion stings you.
You barely miss the scorpion.
The scorpion is almost dead.
You feel sick.
The scorpion stings you but does no damage.
You barely miss the scorpion.
The scorpion is almost dead.
You feel sick.
The scorpion stings you but does no damage.
You barely miss the scorpion.
The scorpion is almost dead.
You feel sick. The scorpion stings you.
You are more poisoned.
The scorpion poisons you! The scorpion stings you.
You barely miss the scorpion.
The scorpion is almost dead.
You feel very sick. The scorpion stings you!
You closely miss the scorpion.
The scorpion is almost dead.
You feel very sick. The scorpion stings you!
* * * LOW HITPOINT WARNING * * *
The scorpion stings you but does no damage.
You closely miss the scorpion.
The scorpion is severely wounded.
* * * LOW HITPOINT WARNING * * *
You feel very sick.
The scorpion stings you but does no damage.
It was a potion of mutation.
You feel extremely strange.
You lose the ability to read scrolls when threatened.
You feel your magical essence link to the dungeon's wands.
You feel strong-willed.
* * * LOW HITPOINT WARNING * * *
You feel sick. The scorpion stings you.
You feel threatened and lose the ability to read scrolls!
* * * LOW HITPOINT WARNING * * *
It was a potion of attraction.
You feel attractive to monsters.
You die...

.. #....# #s #.##.##
##.###.##.. ###
...##.##.. ..# #..##.##.#
#.# #..##.##.# #.###
#..##.##.# #...#
#.##........####### #.#.#
#........##..s@...# #.#.#
####....#########.###.#.#
#........# ###.....#.#
#.##.###.# #....[.##.# #.
... #..###......# ##
#####..# #.#.#..# ..#
#.#.#..###### .
#...........#
###.<..####.#


You could see a scorpion.

Vanquished Creatures
  An orc priest (D:3)
  Ijyb (D:3)
  Robin (D:3)
  3 gnolls (D:2)
  5 adders
  A worm (D:2)
  2 dart slugs
  5 orcs (D:3)
  8 ball pythons
  4 bats
  3 endoplasms
  4 giant cockroaches
  15 goblins
  6 hobgoblins
  4 jackals
  3 kobolds
  5 quokkas
  2 frilled lizards
  4 rats
77 creatures vanquished.

Vanquished Creatures (others)
  3 fungi (D:4)
3 creatures vanquished.

Grand Total: 80 creatures vanquished

Notes
Turn   | Place    | Note
-------+----------+-------------------------------------------
     0 | D:1      | MiltankisOP the Barachi Fighter began the quest for the
                  | Orb.
     0 | D:1      | Reached XP level 1. HP: 18/18 MP: 1/1
   124 | D:1      | Reached XP level 2. HP: 25/25 MP: 2/2
   551 | D:1      | Reached XP level 3. HP: 30/30 MP: 3/3
  1421 | D:2      | Reached XP level 4. HP: 33/38 MP: 4/4
  1775 | D:3      | Found a faded altar of an unknown god.
  1854 | D:3      | Noticed Ijyb
  1871 | D:3      | Killed Ijyb
  1872 | D:3      | Reached skill level 5 in Fighting
  1872 | D:3      | Reached XP level 5. HP: 41/44 MP: 5/5
  1925 | D:3      | Noticed Robin
  1979 | D:3      | Killed Robin
  2447 | D:3      | Reached skill level 5 in Long Blades
  2447 | D:3      | Reached XP level 6. HP: 41/52 MP: 6/6
  2868 | D:4      | Gained mutation: You sometimes lose the ability to read
                  | scrolls when taking damage. [potion of mutation]
  2868 | D:4      | Gained mutation: You expend magic power (3 MP) to
                  | strengthen your wands. [potion of mutation]
  2868 | D:4      | Gained mutation: You are strong-willed. (Will+) [potion of
                  | mutation]
  2868 | D:4      | HP: 2/52 [scorpion (4)]
  2869 | D:4      | Succumbed to a scorpion's poison

Illustrated notes

Levels and vault maps discovered:
D:1:      beargit_arrival_diablo_church, layout_loops_ring
D:2:      layout_rooms
D:3:      layout_basic, nicolae_ecumenical_pavilion, kennysheep_generic_room_8,
          uniq_ijyb, uniq_robin
D:4:      layout_loops_ring, overflow_temple_1_default, serial_aquarium,
          aquarium_bridge_straight [aquarium_subvault_bridge,
          aquarium_subvault_balcony, aquarium_subvault_bridge,
          aquarium_subvault_balcony], aquarium_window_1, aquarium_window_1,
          aquarium_window_fake, aquarium_view_2d, aquarium_balcony_double_3,
          aquarium_pool_side, grunt_decor_clamped

Skill      XL: |  1  2  3  4  5 |
---------------+----------------+-----
Fighting       | 4 5 |  5.8
Armour         | 4 |  4.0
Long Blades    | 3 4 5 |  5.1
Shields        | |  3.6

Action                   |  1- 3 |  4- 6 || total
-------------------------+-------+-------++-------
Melee: Long sword        |   109 |   157 ||   266
  Use: Potion            |       |     2 ||     2
Armor: Scale mail        |    41 |       ||    41
       Plate armour      |    18 |   117 ||   135
Dodge: Dodged            |    52 |    34 ||    86
Block: Buckler           |    22 |    44 ||    66
